 Dungeon Crawl Stone Soup version 0.31.0-11-ge490571c62 (webtiles) character file.

Game seed: 4255781497786633383

16 qw the Shooter (level 2, -3/14 HPs)
             Began as a Spriggan Hunter on Feb 4, 2024.
             Killed from afar by Sigmund (7 damage)
             ... with a magic dart
             ... on level 2 of the Dungeon.
             The game lasted 00:00:01 (693 turns).

qw the Shooter (Spriggan Hunter)                     Turns: 693, Time: 00:00:02

Health: -3/14      AC:  2    Str:  7    XL:     2   Next: 41%
Magic:  3/3        EV: 19    Int: 10    God:
Gold:   67         SH:  0    Dex: 18    Spells: 1/1 levels left

rFire   . . .        a - +0 shortbow
rCold   . . .        (shield currently unavailable)
rNeg    . . .        c - +0 robe
rPois   .            (helmet restricted)
rElec   .            (no cloak)
rCorr   .            (gloves unavailable)
SInv    +            (boots unavailable)
Will    .....        (no amulet)
Stlth   ++           (no ring)
HPRegen 0.22/turn    (no ring)
MPRegen 0.08/turn

%: no passive effects
@: very quick
A: very small, no large weapons, unfitting armour, see invisible, speed 3
a: no special abilities


You were on level 2 of the Dungeon.
You visited 1 branch of the dungeon, and saw 2 of its levels.

You collected 67 gold pieces.


Innate Abilities, Weirdness & Mutations

You are very small and have problems with some larger weapons.
You are too small for most types of armour.
You have supernaturally acute eyesight. (SInv)
You cover ground extremely quickly. (Speed+++)


   Skills:
 - Level 1.5 Fighting
 + Level 4.1 Ranged Weapons
 - Level 4.0 Dodging
 - Level 1.5 Stealth


You had one spell level left.
You didn't know any spells.
Your spell library was empty.

Inventory:

Hand Weapons
 a - a +0 shortbow (weapon)
Armour
 c - a +0 robe (worn)
Scrolls
 b - a scroll of blinking {unknown}
 f - 2 scrolls of teleportation

Dungeon Overview and Level Annotations

Branches:
Dungeon (2/15)

Altars:

Annotations:
D:2 Sigmund


Message History

There is an open door here.
A rat and a goblin come into view.
You shoot an arrow. The arrow hits the goblin.
You kill the goblin!
You shoot an arrow. The arrow hits the rat.
You kill the rat!
You now have 56 gold pieces (gained 6).
You open the door.
There is an open door here.
b - a scroll labelled CIBRUANURO
Found 8 stones.
You see here 8 stones.
There is an open door here.
As you open the door, it creaks loudly!
There is an open door here.
You now have 67 gold pieces (gained 11).
Found a ring mail.
Found an escape hatch in the ceiling.
You see here a +0 ring mail.
You open the door.
There is an open door here.
You open the door.
There is an open door here.
Found a falchion.
Enter note:
Enter note: You see here a +0 falchion.
Sigmund the Dreaded comes into view.
He is wielding a +0 scythe.
You shoot an arrow.
The arrow hits Sigmund but does no damage.
Sigmund shouts!
Sigmund casts a spell at you. The puff of flame hits you!
Ouch! That really hurt!
You shoot an arrow. The arrow closely misses Sigmund.
Sigmund points at you and mumbles some strange words.
The magic dart hits you!
Ouch! That really hurt!
You die...
Sigmund begins carving another notch in his scythe.

#.# ###[### ......#
......######## ##
..............# #.
#....#########@# #.
#.#.## .#. ..#.# #.#
....# #@# ###'## #.#
##...## ####.#####
#.....## #........#
.......## ##.##.###.#
........####...#.# #)#
........'........# #.#
........##.......###.#
.......####..........#


You could see Sigmund.

Vanquished Creatures
  A dart slug (D:1)
  4 bats (D:1)
  An endoplasm (D:1)
  3 goblins
  A hobgoblin (D:2)
  3 frilled lizards
  A rat (D:2)
14 creatures vanquished.

Notes
Turn   | Place    | Note
-------+----------+-------------------------------------------
     0 | D:1      | qw the Spriggan Hunter began the quest for the Orb.
     0 | D:1      | Reached XP level 1. HP: 10/10 MP: 2/2
     0 | D:1      | 0 ||| qw: Version: 0.3-a-160-g6735b56
     0 | D:1      | 0 ||| qw: Game counter: 4564
     0 | D:1      | 0 ||| qw: Melee chars always use a shield: true
     0 | D:1      | 0 ||| qw: God list: Okawaru
     0 | D:1      | 0 ||| qw: Allow faded altars: false
     0 | D:1      | 0 ||| qw: Do Orc after clearing Dungeon:15 true
     0 | D:1      | 0 ||| qw: Do second Lair branch before Depths: true
     0 | D:1      | 0 ||| qw: Lair rune preference: random
     0 | D:1      | 0 ||| qw: Goals: Normal
     0 | D:1      | 0 ||| PLANNING D:1-11
   139 | D:1      | Reached skill level 3 in Dodging
   241 | D:1      | Reached XP level 2. HP: 14/14 MP: 3/3
   427 | D:1      | 427 ||| READING scroll labelled COKUASKADO.
   427 | D:1      | 427 ||| ENCHANTING +0 shortbow.
   428 | D:1      | 428 ||| READING 2 scrolls labelled MUPHEDGH PESK.
   429 | D:1      | 429 ||| READING 2 scrolls labelled LEAKKO GICU.
   432 | D:1      | 432 ||| READING scroll labelled ATZEKI LOUDINT.
   433 | D:1      | 433 ||| DROPPING scroll of butterflies.
   434 | D:1      | 434 ||| DROPPING scroll of fear.
   691 | D:2      | Noticed Sigmund
   693 | D:2      | Killed from afar by Sigmund

Levels and vault maps discovered:
D:1:      wander_arrival_fairy_ring, layout_rooms
D:2:      layout_loops_corners, kennysheep_generic_room_2, uniq_robin,
          uniq_sigmund, uniq_crazy_yiuf_cottage

Skill      XL: |  1  2 |
---------------+-------+-----
Dodging        | 3 4 |  4.0
Fighting       | |  1.5
Ranged Weapons | |  4.1
Stealth        | |  1.5

Action                     || total
---------------------------++-------
   Fire: Shortbow          ||    38
    Use: Scroll            ||     4
 Armour: Robe              ||     2
  Dodge: Dodged            ||     6

Table legend:
 A = Non-vault XP
 B = Vault XP
 C = Vault XP percentage of total XP
 D = Non-vault monster count
 E = Vault monster count
 F = Vault count percentage of total count
                 A         B        C        D         E       F
            +---------+---------+-------+---------+---------+-------
      Total |      24 |       0 |   0.0 |      14 |       0 |   0.0
            +---------+---------+-------+---------+---------+-------
        D:1 |      18 |       0 |   0.0 |      10 |       0 |   0.0
        D:2 |       6 |       0 |   0.0 |       4 |       0 |   0.0
            +---------+---------+-------+---------+---------+-------
